 Dungeon Crawl Stone Soup version 0.21.1-1-g345015f (webtiles) character file.

406 equalderp2856 the Chopper (level 6, -1/53 HPs)
             Began as a Minotaur Fighter on May 8, 2018.
             Slain by a wight
             ... wielding a +3 spear
              (4 damage)
             ... on level 6 of the Dungeon.
             The game lasted 00:03:42 (3098 turns).

equalderp2856 the Chopper (Minotaur Fighter)        Turns: 3098, Time: 00:03:45

Health: -1/53      AC:  7    Str: 21    XL:     6   Next: 56%
Magic:  5/5        EV:  8    Int:  5    God:
Gold:   91         SH:  0    Dex: 11    Spells: 5/5 levels left

rFire    . . .     SeeInvis .   a - +0 war axe
rCold    . . .     Gourm    .   c - +0 shield
rNeg     . . .     Faith    .   b - +0 scale mail
rPois    .         Spirit   .   j - +0 hat
rElec    .         Reflect  .   (no cloak)
rCorr    .         Harm     .   (no gloves)
MR       .....                  (no boots)
Stlth    ..........             (no amulet)
HPRegen  0.17/turn              (no ring)
MPRegen  0.09/turn              (no ring)

@: confused, hasted, drained, very quick
A: retaliatory headbutt, horns 2
a: no special abilities


You were on level 6 of the Dungeon.
You were not hungry.

You visited 1 branch of the dungeon, and saw 6 of its levels.

You collected 91 gold pieces.

Inventory:

Hand Weapons
 a - a +0 war axe (weapon)
Armour
 b - a +0 scale mail (worn)
 c - a +0 shield (worn)
 j - a +0 hat (worn)
Jewellery
 k - a +4 ring of protection {unknown}
Scrolls
 e - a scroll of magic mapping {unknown}
 g - a scroll of remove curse
 h - 2 scrolls of teleportation
 l - 6 scrolls of identify {unknown}
 m - a scroll of fear {unknown}
 p - a scroll of enchant weapon {unknown}
 r - a scroll of immolation {unknown}
Potions
 d - a potion of might
 i - a potion of haste
 n - a potion of ambrosia
 o - a potion of curing {unknown}
 q - a potion of magic {unknown}
 s - a potion of mutation {unknown}
 t - a potion of brilliance {unknown}
 u - a potion of flight {unknown}
Comestibles
 f - 7 rations


   Skills:
 + Level 4.5(4.2) Fighting
 + Level 5.8(5.5) Axes
 + Level 5.1(4.8) Armour
 + Level 1.6(1.3) Dodging
 + Level 0.2(0.0) Stealth
 + Level 4.9(4.6) Shields


You had 5 spell levels left.
You didn't know any spells.

Dungeon Overview and Level Annotations

Branches:
Dungeon (6/15)
 Temple: D:4-7

Altars:
Nemelex Xobeh
Sif Muna
Uskayaw
Wu Jian
Zin
The Shining One

Annotations:
D:2 2 transporters
D:3 Grinder
D:5 Menkaure


Innate Abilities, Weirdness & Mutations

You reflexively headbutt those who attack you in melee.
You have a pair of horns on your head.


Message History

An ogre and 5 wights come into view.
The ogre shouts!
There is a stone staircase leading up here.
Unknown command.
It was a potion of haste.
You feel yourself speed up.
The scorpion stings you but does no damage.
You block the wight's attack.
Unknown command.
It was a potion of ambrosia.
You are confused.
You feel invigorated.
The scorpion stings you but does no damage.
Unknown command.
The wight hits you with a short sword.
* * * LOW HITPOINT WARNING * * *
You feel drained.
* * * LOW HITPOINT WARNING * * *
The scorpion barely misses you.
The wight hits you from afar with an enchanted spear.
You die...

# .. ... . ....
... ##.....
.....###.......
#......@zz.....
.......szzz....
...............
...............
...............
..####....O...#
. ##.......#
##.....##


You could see an ogre, a scorpion and 5 wights.

Vanquished Creatures
  Edmund (D:5)
  A water moccasin (D:4)
  An orc wizard (D:5)
  A worker ant (D:5)
  4 adders
  An ooze (D:2)
  3 worms (D:2)
  5 dart slugs
  2 leopard geckos
  8 orcs
  5 giant cockroaches
  5 goblins
  7 hobgoblins
  4 jackals (D:3)
  A quokka (D:4)
  A ball python (D:1)
  3 bats
  3 frilled lizards
  8 kobolds
  A quokka zombie (D:5)
  9 rats
74 creatures vanquished.

Notes
Turn   | Place    | Note
-------+----------+-------------------------------------------
     0 | D:1      | equalderp2856 the Minotaur Fighter began the quest for the Orb.
     0 | D:1      | Reached XP level 1. HP: 19/19 MP: 0/0
     6 | D:1      | Noticed a komodo dragon
     6 | D:1      | Noticed a tyrant leech
     6 | D:1      | Noticed a soldier ant
     7 | D:1      | Noticed an ettin
   218 | D:1      | Reached XP level 2. HP: 23/27 MP: 1/1
   574 | D:2      | Reached XP level 3. HP: 32/33 MP: 2/2
   842 | D:2      | Found a sparkling altar of Nemelex Xobeh.
   892 | D:2      | Reached XP level 4. HP: 37/40 MP: 3/3
   963 | D:2      | Found a transporter.
   964 | D:2      | Noticed an ogre
   968 | D:2      | Found a transporter.
   980 | D:2      | Found a glowing silver altar of Zin.
   980 | D:2      | Found a hide-covered altar of Uskayaw.
   980 | D:2      | Found a glowing golden altar of the Shining One.
  1445 | D:3      | Found a deep blue altar of Sif Muna.
  1485 | D:3      | Found an ornate altar of the Wu Jian Council.
  1885 | D:3      | Noticed Grinder
  2573 | D:4      | Noticed a water moccasin
  2580 | D:4      | Killed a water moccasin
  2580 | D:4      | Reached skill level 5 in Axes
  2580 | D:4      | Reached skill level 1 in Dodging
  2580 | D:4      | Reached XP level 5. HP: 41/47 MP: 4/4
  2775 | D:5      | Entered Level 5 of the Dungeon
  2805 | D:5      | Reached XP level 6. HP: 37/53 MP: 5/5
  2963 | D:5      | Noticed Edmund
  2977 | D:5      | Killed Edmund
  2977 | D:5      | Reached skill level 5 in Armour
  3080 | D:5      | Noticed Menkaure
  3098 | D:6      | Slain by a wight

Skill      XL: |  1  2  3  4  5  6 |
---------------+-------------------+-----
Armour         | 4 5 |  5.1
Axes           | 3 4 5 |  5.8
Fighting       | 4 |  4.5
Shields        | 4 |  4.9
Dodging        | 1 |  1.6
Stealth        | |  0.2

Action                   |  1- 3 |  4- 6 || total
-------------------------+-------+-------++-------
Melee: War axe           |    68 |    92 ||   160
       Headbutt          |     8 |    16 ||    24
  Use: Scroll            |       |     2 ||     2
       Potion            |       |     2 ||     2
  Eat: Chunk             |       |     7 ||     7
Armor: Scale mail        |    29 |    30 ||    59
Dodge: Dodged            |    18 |    20 ||    38
Block: Shield            |    39 |    45 ||    84
